[ AOE2 MATCH · #457636909 ]
Team RMKoreans vs Vikings
[ REPLAY ANALYSIS · EXTRACTED FROM THE RECORDED GAME ]
Feudal
11:52
Castle
—
Imperial
—
| APM avg | 12.0 |
| APM peak | 32 |
| eAPM avg | 8.3 |
| Villagers / military | 43 / 1 |
Focus
⚔️ 8.7% · 🌾 91.3%
Fishing Ship ×18 · Transport Ship ×1
Feudal
—
Castle
—
Imperial
—
| APM avg | 1.0 |
| APM peak | 19 |
| eAPM avg | 0.4 |
| Villagers / military | 2 / 0 |
Focus
⚔️ 0.0% · 🌾 100.0%
Feudal
9:55
Castle
17:03
Imperial
—
| APM avg | 24.7 |
| APM peak | 67 |
| eAPM avg | 9.7 |
| Villagers / military | 34 / 4 |
Focus
⚔️ 14.5% · 🌾 85.5%
Fishing Ship ×4 · Demolition Raft ×3 · Transport Ship ×1
Feudal
13:44
Castle
—
Imperial
—
| APM avg | 26.7 |
| APM peak | 60 |
| eAPM avg | 9.3 |
| Villagers / military | 37 / 12 |
Focus
⚔️ 22.1% · 🌾 77.9%
Militia ×8 · Fishing Ship ×5 · Scout Cavalry ×2 · Transport Ship ×2
Feudal
—
Castle
—
Imperial
—
| APM avg | 0.2 |
| APM peak | 3 |
| eAPM avg | 0.2 |
| Villagers / military | 0 / 0 |
Feudal
15:06
Castle
—
Imperial
—
| APM avg | 13.1 |
| APM peak | 34 |
| eAPM avg | 11.0 |
| Villagers / military | 68 / 3 |
Focus
⚔️ 39.2% · 🌾 60.8%
Fishing Ship ×3 · Fire Galley ×1 · Transport Ship ×1 · Demolition Raft ×1
Feudal
—
Castle
—
Imperial
—
| APM avg | 1.7 |
| APM peak | 29 |
| eAPM avg | 1.0 |
| Villagers / military | 5 / 0 |
Focus
⚔️ 0.0% · 🌾 100.0%
Feudal
9:43
Castle
19:01
Imperial
—
| APM avg | 24.0 |
| APM peak | 59 |
| eAPM avg | 12.1 |
| Villagers / military | 53 / 16 |
Focus
⚔️ 22.9% · 🌾 77.1%
Fishing Ship ×6 · Archer ×5 · Fire Galley ×5 · Knight ×2 · Transport Ship ×2 · Demolition Raft ×2
Match map
Resources at game start + every placement click. Thick line = wall · dashed box = detected house wall. 🟡 gold · ⚪ stone · 🟢 berries · 🔶 boar · ⭕ relic
Inputs per minute
— ROB3RT_ROG3RSTTV - - scoobydo
Build order — ROB3RT_ROG3RSTTV
90 actions detected in the replay
| 0:05 | Build | House |
| 0:07 | Build | House |
| 0:28 | Create | Villager (Male) |
| 0:28 | Create | Villager (Male) |
| 0:28 | Create | Villager (Male) |
| 0:28 | Create | Villager (Male) |
| 0:29 | Create | Villager (Male) |
| 0:43 | Research | Loom |
| 1:29 | Create | Villager (Male) |
| 1:30 | Create | Villager (Male) |
| 1:52 | Research | Loom |
| 2:36 | Create | Villager (Male) |
| 2:36 | Create | Villager (Male) |
| 2:36 | Create | Villager (Male) |
| 2:36 | Create | Villager (Male) |
| 3:57 | Create | Villager (Male) |
| 4:08 | Create | Villager (Male) |
| 4:08 | Create | Villager (Male) |
| 4:09 | Create | Villager (Male) |
| 4:10 | Create | Villager (Male) |
| 5:23 | Build | House |
| 5:24 | Build | House |
| 5:57 | Create | Villager (Male) |
| 5:57 | Create | Villager (Male) |
| 5:58 | Create | Villager (Male) |
| 6:29 | Build | Lumber Camp |
| 6:57 | Create | Villager (Male) |
| 7:14 | Build | Dock |
| 7:18 | Create | Villager (Male) |
| 7:18 | Create | Villager (Male) |
| 7:18 | Create | Villager (Male) |
| 8:08 | Create | Fishing Ship |
| 8:09 | Create | Fishing Ship |
| 8:10 | Create | Fishing Ship |
| 8:25 | Create | Fishing Ship |
| 8:48 | Build | House |
| 8:50 | Build | House |
| 8:51 | Build | House |
| 9:42 | Research | Feudal Age |
| 10:10 | Build | Lumber Camp |
| 10:54 | Create | Fishing Ship |
| 10:55 | Create | Fishing Ship |
| 11:39 | Create | Villager (Male) |
| 11:39 | Create | Villager (Male) |
| 11:39 | Create | Villager (Male) |
| 11:40 | Create | Villager (Male) |
| 11:46 | Create | Villager (Male) |
| 11:52 | Age | Feudal Age |
| 11:56 | Build | Mining Camp |
| 12:10 | Create | Fishing Ship |
| 12:12 | Create | Fishing Ship |
| 12:31 | Create | Fishing Ship |
| 12:38 | Research | Tech 906 |
| 12:58 | Build | Mill |
| 13:10 | Build | House |
| 13:11 | Build | House |
| 13:38 | Build | Market |
| 13:47 | Create | Villager (Male) |
| 13:48 | Create | Villager (Male) |
| 13:49 | Create | Villager (Male) |
| 14:06 | Build | Blacksmith |
| 14:48 | Create | Fishing Ship |
| 14:49 | Create | Fishing Ship |
| 14:59 | Create | Transport Ship |
| 15:41 | Create | Villager (Male) |
| 15:41 | Create | Villager (Male) |
| 15:41 | Create | Villager (Male) |
| 15:42 | Create | Villager (Male) |
| 15:42 | Create | Villager (Male) |
| 15:50 | Build | Mining Camp |
| 16:08 | Create | Villager (Male) |
| 16:08 | Create | Villager (Male) |
| 16:09 | Create | Villager (Male) |
| 16:21 | Create | Fishing Ship |
| 16:22 | Create | Fishing Ship |
| 16:22 | Create | Fishing Ship |
| 16:22 | Create | Fishing Ship |
| 16:24 | Create | Fishing Ship |
| 16:38 | Create | Villager (Male) |
| 16:48 | Build | Mining Camp |
| 17:10 | Build | House |
| 17:11 | Build | House |
| 17:12 | Build | House |
| 17:12 | Build | House |
| 17:57 | Create | Villager (Male) |
| 18:08 | Create | Fishing Ship |
| 18:10 | Create | Fishing Ship |
| 18:31 | Build | Dock |
| 18:59 | Create | Villager (Male) |
| 19:00 | Create | Villager (Male) |
Build order — scoobydo
3 actions detected in the replay
| 0:08 | Create | Villager (Male) |
| 0:08 | Create | Villager (Male) |
| 0:10 | Build | House |
Build order — zxc462385
70 actions detected in the replay
| 0:09 | Build | House |
| 0:17 | Build | House |
| 0:21 | Create | Villager (Male) |
| 0:22 | Create | Villager (Male) |
| 0:22 | Create | Villager (Male) |
| 1:19 | Create | Villager (Male) |
| 1:52 | Create | Villager (Male) |
| 1:52 | Create | Villager (Male) |
| 2:48 | Create | Villager (Male) |
| 3:25 | Create | Villager (Male) |
| 3:25 | Create | Villager (Male) |
| 3:28 | Build | Mill |
| 4:10 | Create | Villager (Male) |
| 4:11 | Create | Villager (Male) |
| 4:38 | Create | Villager (Male) |
| 4:39 | Create | Villager (Male) |
| 4:43 | Build | House |
| 4:59 | Create | Villager (Male) |
| 5:19 | Create | Villager (Male) |
| 5:20 | Create | Villager (Male) |
| 5:38 | Build | House |
| 5:46 | Build | Mining Camp |
| 6:58 | Create | Villager (Male) |
| 7:45 | Research | Feudal Age |
| 9:55 | Age | Feudal Age |
| 9:56 | Build | Dock |
| 10:02 | Create | Villager (Male) |
| 10:06 | Create | Villager (Male) |
| 10:06 | Create | Villager (Male) |
| 10:07 | Create | Villager (Male) |
| 10:07 | Create | Villager (Male) |
| 10:07 | Create | Villager (Male) |
| 10:08 | Create | Villager (Male) |
| 10:08 | Create | Villager (Male) |
| 10:09 | Create | Villager (Male) |
| 10:09 | Create | Villager (Male) |
| 10:34 | Build | Lumber Camp |
| 11:01 | Create | Demolition Raft |
| 11:21 | Create | Fishing Ship |
| 11:39 | Create | Villager (Male) |
| 12:16 | Build | House |
| 12:24 | Build | House |
| 12:37 | Build | House |
| 12:52 | Build | Blacksmith |
| 13:12 | Build | Mining Camp |
| 13:54 | Build | Market |
| 14:23 | Research | Castle Age |
| 15:42 | Create | Transport Ship |
| 15:58 | Build | Farm |
| 15:59 | Build | Farm |
| 16:01 | Build | Farm |
| 16:10 | Build | Farm |
| 16:12 | Build | Farm |
| 16:13 | Build | Farm |
| 16:14 | Build | Farm |
| 16:42 | Create | Fishing Ship |
| 17:03 | Age | Castle Age |
| 17:16 | Create | Villager (Male) |
| 17:17 | Create | Villager (Male) |
| 17:17 | Create | Villager (Male) |
| 17:18 | Create | Villager (Male) |
| 17:29 | Build | Town Center |
| 17:49 | Create | Demolition Raft |
| 17:57 | Create | Fishing Ship |
| 18:17 | Build | Town Center |
| 18:29 | Create | Villager (Male) |
| 18:30 | Create | Villager (Male) |
| 18:38 | Build | Farm |
| 18:54 | Create | Demolition Raft |
| 18:59 | Create | Fishing Ship |
Build order — ODIUM
93 actions detected in the replay
| 0:01 | Create | Villager (Male) |
| 0:02 | Create | Villager (Male) |
| 0:02 | Create | Villager (Male) |
| 0:02 | Create | Villager (Male) |
| 0:04 | Build | House |
| 0:05 | Build | House |
| 1:18 | Create | Villager (Male) |
| 2:07 | Create | Villager (Male) |
| 2:14 | Build | Lumber Camp |
| 2:23 | Create | Villager (Male) |
| 2:55 | Create | Villager (Male) |
| 3:20 | Create | Villager (Male) |
| 3:47 | Create | Villager (Male) |
| 3:53 | Build | House |
| 3:56 | Build | House |
| 4:13 | Create | Villager (Male) |
| 4:13 | Create | Villager (Male) |
| 5:03 | Create | Villager (Male) |
| 5:19 | Create | Villager (Male) |
| 5:29 | Create | Villager (Male) |
| 5:30 | Create | Villager (Male) |
| 6:24 | Build | Dock |
| 6:42 | Create | Villager (Male) |
| 6:42 | Create | Villager (Male) |
| 7:01 | Build | Barracks |
| 7:16 | Create | Fishing Ship |
| 7:22 | Create | Villager (Male) |
| 7:40 | Build | Mining Camp |
| 7:50 | Create | Villager (Male) |
| 7:50 | Create | Villager (Male) |
| 8:20 | Create | Villager (Male) |
| 8:20 | Create | Villager (Male) |
| 8:43 | Create | Transport Ship |
| 8:53 | Create | Fishing Ship |
| 8:53 | Create | Fishing Ship |
| 9:03 | Build | House |
| 9:07 | Build | House |
| 9:21 | Create | Fishing Ship |
| 9:38 | Create | Villager (Male) |
| 9:40 | Create | Villager (Male) |
| 9:44 | Build | Mill |
| 10:02 | Create | Villager (Male) |
| 10:18 | Create | Fishing Ship |
| 10:25 | Build | Farm |
| 10:27 | Build | Farm |
| 10:33 | Build | Farm |
| 11:00 | Create | Villager (Male) |
| 11:32 | Build | Farm |
| 11:34 | Research | Feudal Age |
| 11:36 | Research | Loom |
| 11:58 | Create | Villager (Male) |
| 11:58 | Create | Villager (Male) |
| 12:16 | Build | House |
| 12:17 | Build | House |
| 13:12 | Create | Transport Ship |
| 13:24 | Build | Farm |
| 13:44 | Age | Feudal Age |
| 14:23 | Create | Villager (Male) |
| 14:31 | Research | Man-at-Arms (upgrade) |
| 15:07 | Build | Farm |
| 15:08 | Build | Farm |
| 15:19 | Build | Market |
| 15:37 | Create | Villager (Male) |
| 15:40 | Build | Mining Camp |
| 15:51 | Create | Villager (Male) |
| 15:51 | Create | Villager (Male) |
| 15:51 | Create | Villager (Male) |
| 15:54 | Research | Gold Mining |
| 15:56 | Research | Double-Bit Axe |
| 16:50 | Build | Mining Camp |
| 16:53 | Create | Villager (Male) |
| 17:10 | Build | Blacksmith |
| 17:23 | Build | Barracks |
| 17:40 | Research | Forging |
| 17:41 | Research | Scale Mail Armor |
| 17:41 | Research | Scale Barding Armor |
| 17:56 | Build | Stable |
| 18:07 | Create | Militia |
| 18:07 | Create | Militia |
| 18:08 | Create | Militia |
| 18:23 | Build | Barracks |
| 18:31 | Create | Villager (Male) |
| 18:32 | Create | Villager (Male) |
| 18:56 | Build | Watch Tower |
| 19:02 | Create | Militia |
| 19:02 | Create | Militia |
| 19:02 | Create | Militia |
| 19:03 | Create | Militia |
| 19:03 | Create | Militia |
| 19:06 | Create | Scout Cavalry |
| 19:06 | Create | Scout Cavalry |
| 19:24 | Build | Watch Tower |
| 19:45 | Build | Farm |
Build order — vuphonghai1988vph
0 actions detected in the replay
Build order — mfuentesk
91 actions detected in the replay
| 0:15 | Build | House |
| 0:18 | Build | House |
| 0:21 | Build | House |
| 0:38 | Create | Villager (Male) ×4 |
| 0:38 | Create | Villager (Male) ×4 |
| 2:02 | Create | Villager (Male) |
| 2:02 | Create | Villager (Male) |
| 2:02 | Create | Villager (Male) |
| 2:13 | Create | Villager (Male) |
| 2:13 | Create | Villager (Male) |
| 2:13 | Create | Villager (Male) |
| 2:38 | Create | Villager (Male) |
| 2:38 | Create | Villager (Male) |
| 2:39 | Create | Villager (Male) |
| 3:19 | Build | Lumber Camp |
| 3:29 | Create | Villager (Male) |
| 3:51 | Create | Villager (Male) |
| 3:52 | Create | Villager (Male) |
| 3:52 | Create | Villager (Male) |
| 4:19 | Create | Villager (Male) |
| 4:19 | Create | Villager (Male) |
| 4:33 | Create | Villager (Male) |
| 4:34 | Create | Villager (Male) |
| 4:59 | Create | Villager (Male) |
| 4:59 | Create | Villager (Male) |
| 5:00 | Create | Villager (Male) |
| 5:15 | Create | Villager (Male) |
| 5:16 | Create | Villager (Male) |
| 5:29 | Create | Villager (Male) |
| 5:30 | Create | Villager (Male) |
| 5:36 | Create | Villager (Male) |
| 5:36 | Create | Villager (Male) |
| 5:36 | Create | Villager (Male) |
| 5:53 | Create | Villager (Male) |
| 5:53 | Create | Villager (Male) |
| 6:13 | Create | Villager (Male) |
| 6:14 | Create | Villager (Male) |
| 6:14 | Create | Villager (Male) |
| 6:31 | Create | Villager (Male) |
| 6:31 | Create | Villager (Male) |
| 6:36 | Build | House |
| 6:39 | Build | House |
| 6:44 | Create | Villager (Male) |
| 6:45 | Create | Villager (Male) |
| 7:05 | Create | Villager (Male) |
| 7:06 | Create | Villager (Male) |
| 7:16 | Create | Villager (Male) |
| 7:44 | Create | Villager (Male) |
| 7:44 | Create | Villager (Male) |
| 7:44 | Create | Villager (Male) |
| 7:45 | Create | Villager (Male) |
| 8:20 | Create | Villager (Male) |
| 8:20 | Create | Villager (Male) |
| 8:21 | Create | Villager (Male) |
| 8:21 | Create | Villager (Male) |
| 8:36 | Build | Farm |
| 8:38 | Build | Farm |
| 8:40 | Build | Farm |
| 9:00 | Build | Farm |
| 9:19 | Build | Farm |
| 9:45 | Build | Farm |
| 10:07 | Build | Farm |
| 10:29 | Build | House |
| 10:31 | Build | House |
| 11:22 | Build | Dock |
| 11:46 | Build | House |
| 11:48 | Build | House |
| 11:49 | Build | House |
| 11:51 | Build | House |
| 11:53 | Build | House |
| 11:58 | Build | Farm |
| 12:19 | Build | Mining Camp |
| 12:30 | Build | Mining Camp |
| 12:43 | Create | Fishing Ship |
| 12:43 | Create | Fishing Ship |
| 12:56 | Research | Feudal Age |
| 13:45 | Create | Transport Ship |
| 15:06 | Age | Feudal Age |
| 15:07 | Create | Fishing Ship |
| 15:07 | Create | Demolition Raft |
| 15:14 | Research | Wheelbarrow |
| 15:16 | Research | Double-Bit Axe |
| 15:23 | Build | Mill |
| 15:26 | Research | Stone Mining |
| 15:26 | Research | Gold Mining |
| 15:58 | Create | Villager (Male) ×3 |
| 16:31 | Create | Fire Galley |
| 18:04 | Build | Farm |
| 19:08 | Create | Villager (Male) ×5 |
| 19:09 | Create | Villager (Male) ×5 |
| 19:15 | Research | Horse Collar |
Build order — Rubick
7 actions detected in the replay
| 0:03 | Create | Villager (Male) |
| 0:03 | Create | Villager (Male) |
| 0:04 | Create | Villager (Male) |
| 0:08 | Build | House |
| 0:11 | Build | House |
| 0:27 | Create | Villager (Male) |
| 1:25 | Create | Villager (Male) |
Build order — big_dick_111
90 actions detected in the replay
| 0:02 | Create | Villager (Male) ×4 |
| 0:02 | Create | Villager (Male) ×4 |
| 0:03 | Create | Villager (Male) ×4 |
| 0:05 | Build | House |
| 0:05 | Build | House |
| 0:15 | Build | House |
| 1:44 | Create | Villager (Male) |
| 1:44 | Create | Villager (Male) |
| 1:45 | Create | Villager (Male) |
| 2:14 | Create | Villager (Male) ×2 |
| 2:14 | Create | Villager (Male) ×2 |
| 2:59 | Create | Villager (Male) |
| 2:59 | Create | Villager (Male) |
| 2:59 | Create | Villager (Male) |
| 3:32 | Build | Dock |
| 3:38 | Create | Villager (Male) ×2 |
| 3:38 | Create | Villager (Male) ×2 |
| 3:38 | Create | Villager (Male) ×2 |
| 3:39 | Create | Villager (Male) |
| 4:21 | Create | Villager (Male) |
| 4:22 | Create | Villager (Male) |
| 4:22 | Create | Villager (Male) |
| 4:47 | Build | Lumber Camp |
| 4:49 | Create | Villager (Male) |
| 4:49 | Create | Villager (Male) |
| 5:03 | Create | Villager (Male) |
| 5:03 | Create | Villager (Male) |
| 5:14 | Create | Villager (Male) ×2 |
| 5:14 | Create | Villager (Male) ×2 |
| 5:14 | Create | Villager (Male) ×2 |
| 5:58 | Create | Fishing Ship |
| 6:53 | Create | Fishing Ship |
| 7:05 | Build | House |
| 7:08 | Research | Loom |
| 7:22 | Research | Feudal Age |
| 7:22 | Research | Feudal Age |
| 7:49 | Build | Mining Camp |
| 8:52 | Build | Mill |
| 9:02 | Create | Fishing Ship |
| 9:43 | Age | Feudal Age |
| 9:45 | Create | Villager (Male) |
| 9:46 | Create | Villager (Male) |
| 9:53 | Build | Dock |
| 10:18 | Create | Demolition Raft |
| 10:26 | Create | Villager (Male) |
| 10:26 | Create | Villager (Male) |
| 10:28 | Research | Double-Bit Axe |
| 10:43 | Build | House |
| 10:53 | Create | Demolition Raft |
| 11:10 | Build | House |
| 11:26 | Create | Fishing Ship |
| 11:45 | Create | Villager (Male) |
| 11:45 | Create | Villager (Male) |
| 12:33 | Create | Fishing Ship |
| 12:36 | Create | Fishing Ship |
| 12:49 | Build | Blacksmith |
| 12:57 | Build | Blacksmith |
| 13:16 | Build | House |
| 13:52 | Create | Transport Ship |
| 14:26 | Build | Barracks |
| 14:35 | Create | Villager (Male) |
| 15:02 | Create | Transport Ship |
| 15:22 | Create | Villager (Male) |
| 15:29 | Build | Archery Range |
| 15:47 | Build | Farm |
| 15:50 | Build | Farm |
| 15:56 | Create | Villager (Male) |
| 16:09 | Create | Archer |
| 16:09 | Create | Archer |
| 16:19 | Research | Castle Age |
| 16:22 | Research | Fletching |
| 16:48 | Research | Gold Mining |
| 16:59 | Create | Archer |
| 17:07 | Create | Fire Galley |
| 17:07 | Create | Fire Galley |
| 17:28 | Build | Lumber Camp |
| 17:59 | Build | Dock |
| 18:13 | Create | Villager (Male) |
| 18:13 | Create | Villager (Male) |
| 18:20 | Create | Archer |
| 18:22 | Create | Archer |
| 18:45 | Build | Stable |
| 18:59 | Create | Fire Galley |
| 18:59 | Create | Fire Galley |
| 19:01 | Age | Castle Age |
| 19:14 | Create | Fire Galley |
| 19:30 | Research | War Galley (upgrade) |
| 19:33 | Build | Lumber Camp |
| 19:52 | Create | Knight |
| 19:52 | Create | Knight |
Match timeline
| 0:10 | vuphonghai1988vph · resign |
| 3:32 | big_dick_111 · first_building Dock |
| 6:24 | ODIUM · first_building Dock |
| 7:01 | ODIUM · first_building Barracks |
| 7:14 | ROB3RT_ROG3RSTTV · first_building Dock |
| 9:43 | big_dick_111 · age_up feudal |
| 9:55 | zxc462385 · age_up feudal |
| 9:56 | zxc462385 · first_building Dock |
| 11:22 | mfuentesk · first_building Dock |
| 11:52 | ROB3RT_ROG3RSTTV · age_up feudal |
| 13:44 | ODIUM · age_up feudal |
| 14:26 | big_dick_111 · first_building Barracks |
| 15:06 | mfuentesk · age_up feudal |
| 15:29 | big_dick_111 · first_building Archery Range |
| 17:00 | ODIUM · first_market_sell 100 food |
| 17:03 | zxc462385 · age_up castle |
| 17:56 | ODIUM · first_building Stable |
| 18:19 | ODIUM · first_market_buy 100 wood |
| 18:45 | big_dick_111 · first_building Stable |
| 19:01 | big_dick_111 · age_up castle |
[ AI ANALYSIS · 1 CREDIT ]
What really happened in this match?
Wolo.gg analyzes every decision: build order, eco, micro, common mistakes by bracket. Personalized analysis on WhatsApp or Discord in 30 seconds.
Civ guide
Koreans
Map guide
Migration
Perfil
Jugador #7946728